 Dungeon Crawl Stone Soup version 0.29.1-13-g9f3cf754e1 (webtiles) character file.

Game seed: 15051823960792438973

5326 theswoord the Frost Mage (level 10, -8/94 HPs)
             Began as a Naga Ice Elementalist on Feb 4, 2023.
             Was a Believer of Cheibriados.
             Mangled by a death yak (17 damage)
             ... on level 9 of the Dungeon.
             The game lasted 00:20:44 (11138 turns).

theswoord the Frost Mage (Naga Ice Elementalist)   Turns: 11138, Time: 00:20:44

Health: -8/94      AC: 22    Str: 17    XL:     10   Next: 64%
Magic:  22/22      EV:  7    Int: 24    God:    Cheibriados [**....]
Gold:   359        SH:  5    Dex: 16    Spells: 15/26 levels left

rFire   . . .      SeeInvis +   x - +4 trident (holy)
rCold   . . .      Faith    .   m - +2 buckler
rNeg    . . .      Spirit   .   F - +0 steam dragon scales
rPois   +          Reflect  .   o - +0 helmet
rElec   .          Harm     .   (no cloak)
rCorr   +          Rampage  .   k - +1 pair of gloves
Will    +....                   H - +0 barding
Stlth   ++........              j - amulet of magic regeneration
HPRegen 0.25/turn               d - ring of resist corrosion
MPRegen 0.58/turn               (no ring)

@: mighty, ice-armoured, about to teleport, freezing walls, very slow
A: AC +3, large, see invisible, deformed body, poison resistance, slowness 2,
spit poison 1, naga tail 1
a: Spit Poison, Renounce Religion, Bend Time


You were on level 9 of the Dungeon.
You worshipped Cheibriados.
Cheibriados was pleased with you.
You visited 2 branches of the dungeon, and saw 10 of its levels.

You collected 359 gold pieces.

Inventory:

Hand Weapons
 e - a +1 spectral trident
 x - a +4 trident of holy wrath (weapon)
 E - a +0 halberd
Armour
 a - a +0 robe
 k - a +1 pair of gloves (worn)
 m - a +2 buckler (worn)
 o - a +0 helmet (worn)
 s - a +1 pair of gloves
 t - a +0 cloak
 z - the +3 pair of gloves of Narcissism {Harm rF+ Slay-4 SInv Stlth+}
   (You found it on level 5 of the Dungeon)

   Slay:      It affects your accuracy & damage with ranged weapons and melee
   (-4).
   rF:        It protects you from fire.
   SInv:      It lets you see invisible.
   Harm:      It increases damage dealt and taken.
   Stlth:     It makes you more stealthy.
 F - +0 steam dragon scales (worn)
 H - a +0 barding (worn)
Jewellery
 d - a ring of resist corrosion (left hand)
 j - an amulet of magic regeneration (around neck)
 u - a ring of protection from cold
 G - a ring of magical power
Wands
 p - a wand of digging (6)
 q - a wand of roots (8)
 I - a wand of charming (6)
Scrolls
 l - 3 scrolls of enchant weapon
 y - a scroll of enchant armour
 C - a scroll of teleportation
 D - a scroll of poison
Potions
 b - a potion of magic
 c - a potion of cancellation
 f - a potion of flight
 g - a potion of curing
 h - 2 potions of might
 n - a potion of haste {unknown}
 r - a potion of brilliance {unknown}
 v - 2 potions of degeneration
 w - 2 potions of resistance
 A - a potion of invisibility {unknown}
 B - 2 potions of mutation {unknown}


   Skills:
 + Level 7.0 Fighting
 - Level 1.5 Dodging
 - Level 3.0 Stealth
 + Level 8.9 Spellcasting
 + Level 10.3 Ice Magic
 + Level 3.6 Invocations


You had 15 spell levels left.
You knew the following spells:

 Your Spells              Type           Power      Damage    Failure   Level
a - Freeze                Ice            100%       1d11      1%          1
b - Frozen Ramparts       Ice            100%       1d16      1%          3
c - Ozocubu's Armour      Ice            57%        N/A       1%          3
d - Hailstorm             Conj/Ice       35%        3d9       9%          4

Your spell library contained the following spells:

 Spells                   Type           Power      Damage    Failure   Level
 Apportation              Tloc           20%        N/A       8%          1
 Conjure Flame            Conj/Fire      10%        6-21      22%         3
 Gell's Gravitas          Tloc           10%        N/A       22%         3
 Ignite Poison            Fire/Tmut/Pois 10%        N/A       22%         3
 Portal Projectile        Hex/Tloc       20%        N/A       22%         3
 Teleport Other           Tloc           10%        N/A       22%         3
 Tukima's Dance           Hex            10%        N/A       22%         3
 Fulminant Prism          Conj/Hex       5%         3d7       58%         4
 Iskenderun's Mystic Bla  Conj/Tloc      10%        2d4       58%         4
 Sticky Flame             Conj/Fire      10%        2d3       58%         4
 Alistair's Intoxication  Tmut/Pois      6%         N/A       91%         5
 Blade Hands              Tmut           5%         N/A       91%         5
 Lee's Rapid Deconstruct  Erth           5%         3d7*      91%         5
 Dispersal                Tloc           5%         N/A       100%        6


Dungeon Overview and Level Annotations

Branches:
Dungeon (9/15)             Temple (1/1) D:6            Lair (0/5) D:9
    Orc: D:9-12

Altars:
Ashenzari
Cheibriados
Dithmenos
Elyvilon
Fedhas
Gozag
Hepliaklqana
Kikubaaqudgha
Makhleb
Nemelex Xobeh
Okawaru
Qazlal
Ru
Sif Muna
Uskayaw
Vehumet
Wu Jian
Xom
Yredelemnul
Zin
The Shining One

Shops:
D:2 ?


Innate Abilities, Weirdness & Mutations

Your serpentine skin is tough. (AC +3)
You have supernaturally acute eyesight. (SInv)
Armour fits poorly on your strangely shaped body.
Your system is resistant to poisons. (rPois)
You cover ground very slowly.
You can spit poison.
You have a snake-like lower body.


Message History

The wall freezes the death yak.
The death yak gores you!
* * * LOW HITPOINT WARNING * * *
You hit the death yak.
The death yak is severely wounded.
The wall freezes the death yak.
The wall freezes the yak but does no damage.
The wall freezes the death yak but does no damage.
You block the death yak's attack.
The wall freezes the death yak but does no damage.
The death yak snorts and paws the ground.
Okay, then.
Okay, then.
You feel very mighty all of a sudden.
The wall freezes the yak but does no damage.
The wall freezes the death yak.
The death yak gores you but does no damage.
The wall freezes the death yak.
The wall freezes the death yak!
You barely miss the death yak.
The death yak is severely wounded.
The wall freezes the death yak!
The death yak gores you!!
* * * LOW HITPOINT WARNING * * *
The wall freezes the death yak!
The wall freezes the death yak.
The wall freezes the yak!
The wall freezes the yak.
You kill the yak!
Cheibriados appreciates the change of pace.
The wall freezes the death yak!
The wall freezes the death yak but does no damage.
The death yak gores you!
* * * LOW HITPOINT WARNING * * *
The wall freezes the death yak but does no damage.
Your Fighting skill increases to level 7!
Okay, then.
As you read the scroll of teleportation, it crumbles to dust.
You feel strangely unstable.
The wall freezes the death yak!
The wall freezes the yak!
The wall freezes the death yak!
You kill the death yak!
Cheibriados appreciates the change of pace.
The wall freezes the death yak but does no damage.
The death yak gores you!
You die...

#.#.## #>..# #...# #.#.#
#...# #...# #.#.# #...#
####...#### .#.# #...#
#.........# #.#.# #...#
#.#.#.#.#.# .# #.# #.Y.#
#.........# . #.# ###...#
#.#.#.#.#.##
......#######..........##
.....Y†Y@.....#.#.#.#...#
.....YY####...........#..
.##...... ##..#.#.#.#.#..
#. #......#
#..........#.. #
...#....# #....#########
.. Y... ###### . ...YY
..>..Y


You could see 3 death yaks and a yak.

Vanquished Creatures
  A death yak (D:9)
  Joseph (D:9)
  A kobold demonologist (D:6)
  7 yaks
  A wyvern (D:9)
  2 steam dragons
  A water moccasin (D:8)
  An ice beast (D:5)
  3 sky beasts
  2 black bears (D:5)
  2 ogres (D:5)
  4 centaurs
  3 phantoms
  2 kobold brigands
  A gnoll sergeant (D:8)
  4 bullfrogs
  A necrophage (D:5)
  4 wights
  5 killer bees (D:7)
  2 vampire bats (D:3)
  2 howler monkeys
  2 hounds (D:4)
  4 jellies
  3 orc priests
  A gnoll bouda (D:5)
  3 iguanas
  Jessica (D:2)
  Natasha (twice) (D:2)
  2 orc wizards
  13 gnolls (D:5)
  8 adders
  2 shadow imps
  3 white imps
  An ufetubus (D:4)
  2 worms
  3 dart slugs
  18 orcs
  6 ball pythons
  6 endoplasms
  3 giant cockroaches
  8 hobgoblins
  4 jackals (D:2)
  3 quokkas
  11 bats
  10 goblins
  16 kobolds
  6 rats
191 creatures vanquished.

Vanquished Creatures (others)
  16 fungi (D:5)
16 creatures vanquished.

Grand Total: 207 creatures vanquished

Notes
Turn   | Place    | Note
-------+----------+-------------------------------------------
     0 | D:1      | theswoord the Naga Ice Elementalist began the quest for the
                  | Orb.
     0 | D:1      | Reached XP level 1. HP: 15/15 MP: 3/3
   400 | D:1      | Reached XP level 2. HP: 22/22 MP: 5/5
  1110 | D:2      | Noticed Jessica
  1114 | D:2      | Killed Jessica
  1115 | D:2      | Reached XP level 3. HP: 15/28 MP: 5/7
  1271 | D:2      | Found Ekumewoe's Magic Scroll Emporium.
  1980 | D:2      | Noticed Natasha
  1989 | D:3      | Learned a level 3 spell: Frozen Ramparts
  1993 | D:3      | Learned a level 3 spell: Ozocubu's Armour
  2012 | D:2      | Reached XP level 4. HP: 36/36 MP: 4/8
  2018 | D:2      | Killed Natasha
  2019 | D:2      | Reached skill level 5 in Ice Magic
  2375 | D:2      | Noticed Natasha
  2427 | D:2      | Killed Natasha
  2628 | D:3      | Reached XP level 5. HP: 41/42 MP: 6/10
  3089 | D:3      | Reached XP level 6. HP: 45/49 MP: 12/12
  3222 | D:4      | Reached skill level 6 in Ice Magic
  3707 | D:4      | Reached XP level 7. HP: 39/55 MP: 14/14
  3837 | D:4      | Reached skill level 5 in Spellcasting
  4548 | D:5      | Entered Level 5 of the Dungeon
  4566 | D:5      | Reached skill level 7 in Ice Magic
  4972 | D:5      | Reached XP level 8. HP: 57/62 MP: 14/17
  5094 | D:5      | Identified the +3 pair of gloves of Narcissism {Harm rF+
                  | Slay-4 SInv Stlth+}
  5145 | D:5      | Reached skill level 1 in Fighting
  5602 | D:5      | Reached skill level 8 in Ice Magic
  5912 | D:5      | Learned a level 4 spell: Hailstorm
  6701 | D:6      | Noticed a kobold demonologist
  6702 | D:6      | Noticed a sun demon
  6703 | D:6      | Noticed a soul eater
  6719 | D:6      | Noticed a hellwing
  6722 | D:6      | Killed a kobold demonologist
  6723 | D:6      | Reached XP level 9. HP: 70/78 MP: 16/19
  6999 | D:6      | Found a staircase to the Ecumenical Temple.
  7027 | Temple   | Entered the Ecumenical Temple
  7130 | Temple   | Became a worshipper of Cheibriados the Contemplative
  7488 | D:7      | Reached skill level 9 in Ice Magic
  7495 | D:7      | HP: 2/74 [wight/+0 scimitar (3)]
  7775 | D:7      | Reached skill level 5 in Fighting
  7930 | D:7      | Reached * piety under Cheibriados
  9062 | D:8      | Reached XP level 10. HP: 85/91 MP: 20/22
  9100 | D:8      | Reached ** piety under Cheibriados
  9290 | D:8      | Reached skill level 1 in Invocations
  9300 | D:8      | Reached skill level 10 in Ice Magic
 10240 | D:9      | Found a radiant altar of Vehumet.
 10241 | D:9      | Found a glowing golden altar of the Shining One.
 10241 | D:9      | Found a broken altar of Ashenzari.
 10243 | D:9      | Found an ornate altar of the Wu Jian Council.
 10245 | D:9      | Found a blossoming altar of Fedhas.
 10245 | D:9      | Found a white marble altar of Elyvilon.
 10246 | D:9      | Found a burning altar of Makhleb.
 10346 | D:9      | Noticed Joseph
 10356 | D:9      | Killed Joseph
 10497 | D:9      | Noticed a death yak
 10498 | D:9      | Noticed a death yak
 10503 | D:9      | Noticed a death yak
 10505 | D:9      | Noticed a death yak
 10506 | D:9      | Noticed a death yak
 11002 | D:9      | Found a staircase to the Lair.
 11138 | D:9      | Killed a death yak
 11138 | D:9      | Mangled by a death yak

Skill      XL: |  1  2  3  4  5  6  7  8  9 10 |
---------------+-------------------------------+-----
Spellcasting   | 3 4 6 7 8 |  8.9
Ice Magic      | 5 6 7 8 9 10 | 10.3
Fighting       | 4 5 7 |  7.0
Invocations    | 3 |  3.6
Dodging        | |  1.5
Stealth        | |  3.0

Action                   |  1- 3 |  4- 6 |  7- 9 | 10-12 || total
-------------------------+-------+-------+-------+-------++-------
Melee: Trident           |    63 |    78 |   231 |    58 ||   430
 Cast: Freeze            |     7 |    12 |    22 |     6 ||    47
       Frozen Ramparts   |     1 |    20 |    23 |    11 ||    55
       Ozocubu's Armour  |       |       |    12 |     6 ||    18
Evoke: Wand              |       |       |       |     2 ||     2
  Use: Scroll            |     5 |     2 |    10 |     3 ||    20
       Potion            |       |       |     8 |     4 ||    12
 Stab: Sleeping          |     4 |     3 |     4 |       ||    11
Armor: Robe              |    22 |    35 |    50 |       ||   107
       Steam dragon scal |       |       |    89 |    51 ||   140
       Skin              |       |       |    12 |       ||    12
Dodge: Dodged            |    43 |    48 |   104 |    26 ||   221
Block: Buckler           |       |    16 |    56 |    30 ||   102

Levels and vault maps discovered:
D:1:      wander_arrival_abandoned_jail, layout_basic
D:2:      layout_basic, serial_shops, nicolae_shop_waterfront, uniq_jessica,
          uniq_natasha
D:3:      layout_rooms, roderic_batcave, kennysheep_generic_room_10
D:4:      cheibrodos_barr_body, layout_cave_pods, kennysheep_generic_room_6
D:5:      kennysheep_steamy, layout_gridville, uniq_menkaure
D:6:      layout_basic, minmay_temple_entry_antechambers
D:7:      layout_layer_cave
D:8:      layout_loops_ring, small_statue_intersection, minmay_checkerbox
D:9:      layout_long_grid, grunt_temple_overflow_open, dpeg_lair_monsters,
          serial_co_window_serial, co_window_corner_a, co_window_paths_a,
          co_window_corner_a, co_window_of_opportunity_a,
          co_window_of_opportunity_a, co_window_of_opportunity_b,
          co_window_2corner, co_window_broadway_a, co_window_2corner,
          co_window_unsneaky_path_d, co_window_paths_d, co_window_4corner_b,
          glass_columns_c, nrook_mini_backslash, uniq_joseph
Temple:   eino_narrow_crystal_temple
